 Dungeon Crawl Stone Soup version 0.28-a0-991-g956f0ee3d5 (webtiles) character file.

Game seed: 15593218268666527175

618 tilp the Chiller (level 7, -3/29 (30) HPs)
             Began as a Felid Ice Elementalist on Dec 4, 2021.
             Was an Initiate of Ru.
             Slain by a wyvern skeleton (12 damage)
             ... on level 5 of the Dungeon.
             The game lasted 00:12:39 (7151 turns).

tilp the Chiller (Felid Ice Elementalist)           Turns: 7151, Time: 00:12:40

HP:   -3/29 (30)    AC:  9    Str:  4    XL:     7   Next: 21%
MP:   14/14         EV: 18    Int: 19    God:    Ru [......]
Gold: 132           SH:  0    Dex: 16    Spells: 3/14 levels left
                                        Lives: 0   Deaths: 2

rFire   . . .      SeeInvis +     - Unarmed
rCold   . . .      Faith    .   (shield unavailable)
rNeg    + . .      Spirit   .   (armour unavailable)
rPois   .          Reflect  .   (helmet unavailable)
rElec   .          Harm     .   (cloak unavailable)
rCorr   +          Rampage  .   (gloves unavailable)
Will    +....                   (boots unavailable)
Stlth   +++.......              e - amulet of the acrobat
HPRegen 0.09/turn               c - ring of positive energy
MPRegen 0.14/turn               a - ring of resist corrosion

@: ice-armoured, lightly drained, quick
A: very small, claws 1, fangs 3, see invisible, speed 1, shaggy fur 2, stealthy
paws, no weapons or thrown items, no armour, multi-lived
a: Renounce Religion


You were on level 5 of the Dungeon.
You worshipped Ru.
Ru was noncommittal.
You visited 1 branch of the dungeon, and saw 5 of its levels.

You collected 132 gold pieces.

Inventory:

Jewellery
 a - a ring of resist corrosion (right paw)
 c - a ring of positive energy (left paw)
 e - an amulet of the acrobat (around neck)
Wands
 g - a wand of digging (6)
 m - a wand of iceblast (6)
Scrolls
 f - 2 scrolls of blinking
 n - a scroll of magic mapping
Potions
 b - a potion of heal wounds
 d - a potion of berserk rage {unknown}
 h - 2 potions of might {unknown}
 i - 2 potions of curing {unknown}
 j - a potion of attraction {unknown}
 k - 2 potions of degeneration {unknown}


   Skills:
 - Level 2.0 Fighting
 - Level 4.0 Dodging
 - Level 4.0 Stealth
 - Level 4.0 Unarmed Combat
 + Level 4.1 Spellcasting
 + Level 0.9 Conjurations
 * Level 6.2 Ice Magic
 - Level 4.0 Evocations


You had 3 spell levels left.
You knew the following spells:

 Your Spells              Type           Power      Damage    Failure   Level
a - Freeze                Ice            100%       1d11      1%          1
b - Frozen Ramparts       Ice            54%        1d7       3%          3
c - Ozocubu's Armour      Ice            27%        N/A       3%          3
d - Hailstorm             Conj/Ice       17%        3d6       30%         4

Your spell library contained the following spells:

 Spells                   Type           Power      Damage    Failure   Level
 Conjure Flame            Conj/Fire      5%         6-21      32%         3
 Ignite Poison            Fire/Tmut/Pois 3%         N/A       38%         3
 Summon Guardian Golem    Hex/Summ       3%         N/A       38%         3
 Sticky Flame             Conj/Fire      5%         2d3       73%         4
 Orb of Destruction       Conj           3%         9d1       100%        7
 Spellforged Servitor     Conj/Summ      2%         N/A       100%        7


Dungeon Overview and Level Annotations

Branches:
Dungeon (5/15)
 Temple: D:4-7

Altars:
Ashenzari
Ru
Xom
Yredelemnul

Shops:
D:1 :

Annotations:
D:1 shop (ozo fridge, enc hib)
D:4 Eustachio
D:5 Blork the orc, Sigmund


Innate Abilities, Weirdness & Mutations

You have sharp claws.
You have razor-sharp teeth.
You have supernaturally acute eyesight. (SInv)
You cover ground quickly. (Speed+)
You are covered in thick fur. (AC +2)
Your paws help you pounce on unaware monsters.
You are incapable of wielding weapons or throwing items.
You cannot wear armour.
You gain extra lives every three experience levels.


Message History

You scratch the wight.
The wight is severely damaged.
The wight hits you with a +0 morningstar.
* * * LOW HITPOINT WARNING * * *
You scratch the wight but do no damage.
The wight is severely damaged.
The wight completely misses you.
You barely miss the wight. You bite the wight, but do no damage.
The wight is severely damaged.
The wight completely misses you.
You closely miss the wight.
The wight is severely damaged.
The wight completely misses you.
You barely miss the wight.
The wight is severely damaged.
The wight closely misses you.
You scratch the wight.
The wight is almost destroyed.
The wight misses you.
You scratch the wight but do no damage.
The wight is almost destroyed.
The wight barely misses you.
You scratch the wight.
The wight is almost destroyed.
The wight completely misses you.
You scratch the wight.
You destroy the wight!
You scratch the wyvern skeleton.
The wyvern skeleton is lightly damaged.
The wyvern skeleton barely misses you. x2
You scratch the wyvern skeleton but do no damage.
The wyvern skeleton is lightly damaged.
The wyvern skeleton barely misses you.
You scratch the wyvern skeleton.
The wyvern skeleton is moderately damaged.
The wyvern skeleton misses you.
You scratch the wyvern skeleton.
The wyvern skeleton is heavily damaged.
The wyvern skeleton bites you!
You die...

#.#### #.#....#..## #....#
#.#.#.##...## ####.#
#.#.#.##)...# #####.####
#<#.#..)†.._# #)......<#
#.....##.....# ###.#.#.##.#
###.#.##....## .........#.#
##...##...#...
###.#.#.##.#########....#.=..#
.#
###.....##......@Z......##..#.
#
#[....#.############....####...
[).[.##.######### ####......#.#
####.#...#......# ###.#.###
#.......####.# #....#..
#.......# #<# #.###.###
#......## #.# #.# #>#
####.....## #.# #.# #.#
........## #.# #.# #.#


You could see a wyvern skeleton.

Vanquished Creatures
  2 water moccasins
  A sky beast (D:4)
  An ogre (D:5)
  A black bear (D:5)
  A bullfrog (D:5)
  2 scorpions
  A water moccasin zombie (D:5)
  A wight (D:5)
  A bullfrog skeleton (D:5)
  A jelly (D:4)
  A hound (D:4)
  An orc priest (D:5)
  2 iguanas
  2 orc wizards
  A hound zombie (D:5)
  Robin (D:2)
  4 gnolls (D:4)
  A howler monkey skeleton (D:5)
  4 adders
  An ufetubus (D:4)
  2 adder skeletons (D:4)
  A worm (D:3)
  5 dart slugs
  9 orcs
  6 endoplasms
  7 giant cockroaches
  17 goblins
  7 hobgoblins
  4 jackals
  3 quokkas
  5 ball pythons
  3 bats
  4 frilled lizards
  5 kobolds
  8 rats
116 creatures vanquished.

Notes
Turn   | Place    | Note
-------+----------+-------------------------------------------
     0 | D:1      | tilp the Felid Ice Elementalist began the quest for the
                  | Orb.
     0 | D:1      | Reached XP level 1. HP: 7/7 MP: 4/4
   159 | D:1      | Found Otrin's Book Shoppe.
   162 | D:1      | Reached skill level 1 in Unarmed Combat
   274 | D:1      | Reached XP level 2. HP: 11/11 MP: 3/6
   934 | D:1      | You fall into a shaft and drop 1 floor!
  1218 | D:1      | Reached XP level 3. HP: 14/14 MP: 7/7
  1222 | D:1      | Learned a level 3 spell: Frozen Ramparts
  1884 | D:2      | Reached skill level 4 in Ice Magic
  1950 | D:2      | Noticed Robin
  1966 | D:2      | Killed Robin
  2611 | D:2      | Reached XP level 4. HP: 18/18 MP: 5/8
  2719 | D:3      | Learned a level 3 spell: Ozocubu's Armour
  3852 | D:3      | Found a faded altar of an unknown god.
  4048 | D:4      | Noticed a sky beast
  4091 | D:4      | Noticed Eustachio
  4196 | D:4      | Slain by Eustachio
  4197 | D:4      | Reached XP level 3. HP: 0/14 MP: 8/8
  4239 | D:4      | Reached XP level 4. HP: 15/18 MP: 0/9
  4297 | D:4      | Found a sacrificial altar of Ru.
  4297 | D:4      | Found a broken altar of Ashenzari.
  4320 | D:4      | Found a shimmering altar of Xom.
  4416 | D:4      | Reached skill level 5 in Ice Magic
  4452 | D:4      | Became a worshipper of Ru the Awakened
  4564 | D:4      | Noticed a water moccasin
  4575 | D:4      | Killed a water moccasin
  4576 | D:4      | Reached XP level 5. HP: 7/21 MP: 2/11
  5129 | D:4      | Gained mutation: You are covered in thick fur. (AC +2)
                  | [Felid growth]
  5129 | D:4      | Reached XP level 6. HP: 24/24 MP: 3/12
  5204 | D:4      | Reached skill level 6 in Ice Magic
  5693 | D:4      | Killed a sky beast
  5694 | D:4      | Reached skill level 1 in Fighting
  6067 | D:5      | Entered Level 5 of the Dungeon
  6092 | D:5      | Reached XP level 7. HP: 28/28 MP: 6/14
  6093 | D:5      | Reached skill level 1 in Evocations
  6143 | D:5      | Learned a level 4 spell: Hailstorm
  6363 | D:5      | Noticed Blork the orc
  6405 | D:5      | Noticed Sigmund
  6639 | D:5      | Found a basalt altar of Yredelemnul.
  7030 | D:5      | Reached XP level 8. HP: 29/33 MP: 8/15
  7076 | D:4      | Killed from afar by an orc priest
  7077 | D:4      | Reached XP level 7. HP: -4/30 MP: 13/14
  7151 | D:5      | Slain by a wyvern skeleton

Illustrated notes

Levels and vault maps discovered:
D:1:      tarquinn_simple_flora_water_d, layout_loops_ring, serial_shops,
          nicolae_shop_window_shopping
D:2:      layout_basic, lightli_corner_chamber, uniq_robin
D:3:      minmay_spotlight, layout_loops_cross, ebering_ecumenical_altar_webs
D:4:      layout_cave_pools, gammafunk_temple_overflow_forgotten,
          minmay_starry_boxes, uniq_eustachio
D:5:      layout_loops_ring, minmay_ruined_shrine, uniq_blork_the_orc,
          uniq_menkaure, uniq_sigmund

Skill      XL: |  1  2  3  4  5  6  7 |
---------------+----------------------+-----
Unarmed Combat | 1 2 4 |  4.0
Ice Magic      | 4 5 6 |  6.2
Spellcasting   | 3 4 |  4.1
Stealth        | 3 4 |  4.0
Fighting       | 1 2 |  2.0
Dodging        | 3 4 |  4.0
Evocations     | 4 |  4.0
Conjurations   | |  0.9

Action                   |  1- 3 |  4- 6 |  7- 9 || total
-------------------------+-------+-------+-------++-------
Melee: Unarmed           |    45 |    42 |    71 ||   158
       Bite              |     3 |     4 |     5 ||    12
       Punch             |     1 |     1 |     3 ||     5
 Cast: Freeze            |    38 |    39 |    11 ||    88
       Frozen Ramparts   |     4 |    18 |     4 ||    26
       Ozocubu's Armour  |     1 |    13 |     8 ||    22
  Use: Scroll            |     1 |     7 |       ||     8
       Potion            |       |     1 |       ||     1
 Stab: Sleeping          |    11 |     6 |     1 ||    18
       Distracted        |     1 |       |       ||     1
Armor: Skin              |     3 |    17 |    19 ||    39
Dodge: Dodged            |    52 |    61 |    73 ||   186

Table legend: (Time is in decaauts)
 A = Elapsed time spent in this place.
 B = Non-inter-level travel time spent in this place.
 C = Inter-level travel time spent in this place.
 D = Time resting spent in this place.
 E = Time spent auto-exploring this place.
 F = Levels seen in this place.
 G = Mean time per level.
                   A        B        C        D        E       F      G
               +--------+--------+--------+--------+--------+-----+--------+
         Total |   6503 |   6204 |    299 |   2049 |   3166 |   5 | 1300.6 |
       Dungeon |   6503 |   6204 |    299 |   2049 |   3166 |   5 | 1300.6 |
               +--------+--------+--------+--------+--------+-----+--------+

Top non-repeatable levels by time:
     D:4: 1858 daAuts
     D:1: 1573 daAuts
     D:3: 1411 daAuts
     D:2: 858 daAuts
     D:5: 801 daAuts
